 Dungeon Crawl Stone Soup version 0.29.1-2-gbd0b4ee654 (webtiles) character file.

Game seed: 11114805871062696050

63 DemonSlayer the Firebug (level 3, 0/25 HPs)
             Began as a Demonspawn Fire Elementalist on Nov 23, 2022.
             Slain by a kobold
             ... wielding a +0 short sword
              (2 damage)
             ... on level 2 of the Dungeon.
             The game lasted 00:02:44 (2287 turns).

DemonSlayer the Firebug (DsFE)                      Turns: 2287, Time: 00:02:45

Health: 0/25       AC:  5    Str: 10    XL:     3   Next: 87%
Magic:  3/6        EV: 12    Int: 16    God:
Gold:   44         SH:  0    Dex: 13    Spells: 1/7 levels left

rFire   . . .      SeeInvis .   c - +0 short sword
rCold   . . .      Faith    .   (no shield)
rNeg    . . .      Spirit   .   a - +0 robe
rPois   .          Reflect  .   (no helmet)
rElec   .          Harm     .   (no cloak)
rCorr   .          Rampage  .   (no gloves)
Will    .....                   (no boots)
Stlth   ++........              (no amulet)
HPRegen 0.08/turn               (no ring)
MPRegen 0.10/turn               (no ring)

@: flying
A: icy blue scales 2
a: no special abilities


You were on level 2 of the Dungeon.
You visited 1 branch of the dungeon, and saw 2 of its levels.

You collected 44 gold pieces.

Inventory:

Hand Weapons
 c - a +0 short sword (weapon)
Armour
 a - a +0 robe (worn)
Wands
 g - a wand of roots (15)
Scrolls
 d - a scroll of blinking {unknown}
 e - 2 scrolls of identify {unknown}
 f - a scroll of teleportation {unknown}
 i - a scroll of immolation {unknown}
 j - a scroll of poison {unknown}
Potions
 b - a potion of magic


   Skills:
 + Level 0.3 Fighting
 + Level 1.9 Dodging
 + Level 2.4 Stealth
 + Level 2.5 Spellcasting
 + Level 1.5 Conjurations
 + Level 3.3 Fire Magic


You had one spell level left.
You knew the following spells:

 Your Spells              Type           Power      Damage    Failure   Level
a - Foxfire               Conj/Fire      36%        2x1d5     7%          1
b - Scorch                Fire           24%        2d6       8%          2
c - Conjure Flame         Conj/Fire      9%         6-21      22%         3

Your spell library contained the following spells:

 Spells                   Type           Power      Damage    Failure   Level
 Inner Flame              Hex/Fire       7%         N/A       28%         3
 Dazzling Flash           Conj/Hex       8%         N/A       41%         3
 Flame Wave               Conj/Fire      9%         2d6       56%         4
 Iskenderun's Mystic Bla  Conj/Tloc      4%         2d3       82%         4
 Starburst                Conj/Fire      4%         6d4       100%        6


Dungeon Overview and Level Annotations

Branches:
Dungeon (2/15)

Altars:
Yredelemnul


Innate Abilities, Weirdness & Mutations

You are mostly covered in icy blue scales. (AC +3)


Message History

The adder bites you but does no damage.
Casting: Foxfire (safe; 8% risk of failure)
Confirm with . or Enter, or press ? or * to list all spells.
You conjure some foxfire!
You feel sick. The bat completely misses you. The bat barely misses you.
The adder closely misses you.
The kobold hits you with a +0 short sword.
* * * LOW HITPOINT WARNING * * *
You barely miss the adder.
The adder is severely wounded.
You feel sick.
You are no longer poisoned.
The foxfire hits the adder.
The adder is almost dead.
The bat barely misses you. The adder completely misses you.
The kobold hits you with a +0 short sword.
* * * LOW HITPOINT WARNING * * *
Casting: Foxfire (safe; 8% risk of failure)
Confirm with . or Enter, or press ? or * to list all spells.
You conjure some foxfire!
The adder closely misses you. The bat hits you but does no damage.
The kobold hits you but does no damage. The adder misses you.
You hit the adder but do no damage.
The adder is almost dead.
The foxfire hits the adder.
You kill the adder!
The bat closely misses you.
The foxfire hits the bat.
The bat is severely wounded.
The bat hits you but does no damage. The kobold completely misses you.
Unknown command.
Casting: Foxfire (safe; 7% risk of failure)
Confirm with . or Enter, or press ? or * to list all spells.
You conjure some foxfire!
The bat closely misses you. The bat hits you but does no damage.
The kobold hits you with a +0 short sword.
* * * LOW HITPOINT WARNING * * *
You closely miss the kobold.
The foxfire hits the bat.
You kill the bat!
The foxfire hits the kobold but does no damage.
The kobold hits you with a +0 short sword.
You die...

..# .# ..## #.# ##..
...##.###....
...........
..#..#..## ........#
#####.......#.
#....§§.._....
#....#@†....?.
######.#.)..#†K......
#......#...##........
#...)..#...##........
#......#...........#.
#..<..##.......♣♣.P♣
#.....#...#)..♣♣ ~♣♣
#...........#.♣ .
###.............♣


You could see a kobold.

Vanquished Creatures
  2 adders (D:2)
  A dart slug (D:1)
  6 ball pythons
  5 bats
  6 endoplasms
  2 giant cockroaches (D:2)
  4 goblins
  5 hobgoblins
  2 quokkas (D:1)
  3 kobolds
  2 rats
38 creatures vanquished.

Vanquished Creatures (collateral kills)
  A foxfire (D:2)
1 creature vanquished.

Vanquished Creatures (others)
  160 foxfires
160 creatures vanquished.

Grand Total: 199 creatures vanquished

Notes
Turn   | Place    | Note
-------+----------+-------------------------------------------
     0 | D:1      | DemonSlayer the Demonspawn Fire Elementalist began the
                  | quest for the Orb.
     0 | D:1      | Reached XP level 1. HP: 13/13 MP: 3/3
   280 | D:1      | Reached skill level 3 in Fire Magic
   660 | D:1      | Gained mutation: You are partially covered in icy blue
                  | scales. (AC +2) [demonic ancestry]
   660 | D:1      | Reached XP level 2. HP: 15/19 MP: 1/5
   663 | D:1      | Learned a level 2 spell: Scorch
  1403 | D:1      | Found a faded altar of an unknown god.
  1409 | D:1      | Gained mutation: You are mostly covered in icy blue scales.
                  | (AC +3) [demonic ancestry]
  1409 | D:1      | Reached XP level 3. HP: 24/24 MP: 0/6
  1658 | D:1      | Learned a level 3 spell: Conjure Flame
  2272 | D:2      | Found a basalt altar of Yredelemnul.
  2287 | D:2      | Slain by a kobold

Illustrated notes

Levels and vault maps discovered:
D:1:      mainiacjoe_arrival_reflecting_pool, layout_basic,
          hellmonk_ecumenical_altar_heavens_door, kennysheep_another_room
D:2:      layout_rooms, basic_altar, serial_bayou_crossing

Skill      XL: |  1  2 |
---------------+-------+-----
Fire Magic     | 3 |  3.3
Stealth        | 2 |  2.4
Fighting       | |  0.3
Dodging        | |  1.9
Spellcasting   | |  2.5
Conjurations   | |  1.5

Action                   || total
-------------------------++-------
Melee: Short sword       ||    51
 Cast: Foxfire           ||    89
  Use: Potion            ||     1
 Stab: Sleeping          ||     2
Armor: Robe              ||    35
Dodge: Dodged            ||    73
